 Dungeon Crawl Stone Soup version 0.17-a0-1399-gd5b76e1 (webtiles) character file.

838 urechis the Spear-Bearer (level 7, -7/50 HPs)
             Began as a Merfolk Gladiator on June 19, 2015.
             Mangled by urechis's ghost (15 damage)
             ... on level 5 of the Dungeon.
             The game lasted 00:09:53 (4666 turns).

urechis the Spear-Bearer (Merfolk Gladiator)        Turns: 4666, Time: 00:09:53

Health: -7/50      AC:  4    Str: 20    XL:     7   Next: 99%
Magic:  7/7        EV: 14    Int:  8    God:
Gold:   133        SH:  0    Dex: 16    Spells: 0 memorised, 6 levels left

rFire  . . .     SeeInvis .     a - +0 trident
rCold  . . .     Clarity  .     b - +0 leather armour
rNeg   . . .     SustAt   .     (no shield)
rPois  .         Gourm    +     c - +0 helmet
rElec  .         Spirit   .     (no cloak)
rCorr  .         Warding  .     (no gloves)
rMut   .         Stasis   .     (no boots)
MR     .....                    n - amulet of the gourmand
Stlth  +.........               (no ring)
                                j - +5 ring of strength

@: not resistant to hostile enchantments, very unstealthy
A: change form in water, swift swim
a: no special abilities


You were on level 5 of the Dungeon.
You were not hungry.

You visited 1 branch of the dungeon, and saw 5 of its levels.

You collected 133 gold pieces.

Inventory:

Hand weapons
 a - a +0 trident (weapon)
Missiles
 e - 3 throwing nets (quivered)
Armour
 b - a +0 leather armour (worn)
 c - a +0 helmet (worn)
Jewellery
 j - a +5 ring of strength (left hand)
 n - an amulet of the gourmand (around neck)
 r - an uncursed amulet of resist corrosion
Magical devices
 u - a wand of confusion (18)
Scrolls
 h - 4 scrolls of identify {unknown}
 q - 2 scrolls of recharging {unknown}
 s - a scroll of immolation {unknown}
 x - 4 scrolls of remove curse {unknown}
Potions
 k - 2 potions of brilliance
 l - 2 potions of invisibility {unknown}
 m - a potion of degeneration {unknown}
 o - 2 potions of haste {unknown}
 t - a potion of lignification {unknown}
 v - a potion of flight {unknown}
Comestibles
 d - a bread ration
 f - 3 fruits
 g - 2 beef jerkies
 p - a slice of pizza


   Skills:
 - Level 2.1 Fighting
 + Level 12.7 Polearms
 - Level 2.0 Throwing
 - Level 4.0 Dodging


You had 6 spell levels left.
You didn't know any spells.

Dungeon Overview and Level Annotations

Branches:
Dungeon (5/15)
 Temple: D:4-7

Altars:
Ashenzari
Gozag
Okawaru
Vehumet

Annotations:
D:5 urechis's ghost, experienced MfGl


Message History

Drink which item? (? for menu, Esc to quit)
You feel much better. Urechis's ghost hits you!
* * * LOW HITPOINT WARNING * * *
You miss urechis's ghost.
Urechis's ghost is severely damaged.
Urechis's ghost hits you.
* * * LOW HITPOINT WARNING * * *
Drink which item? (? for menu, Esc to quit)
You feel better. Urechis's ghost hits you.
* * * LOW HITPOINT WARNING * * *
You hit urechis's ghost.
Urechis's ghost is almost destroyed.
You barely miss urechis's ghost.
Urechis's ghost is almost destroyed.
Urechis's ghost says, "Your head would complement my pike nicely."
Urechis's ghost barely misses you.
You closely miss urechis's ghost.
Urechis's ghost is severely damaged.
Urechis's ghost hits you!
You die...

#.........##...........
#......W#####.........
#.......# #.....###
.......## #...### .
........#####...# ..
...##.......#...# .c.
..####..........# ....
..#
#..._...$.W####.....
.## #.....#...@#.....#
.## #..............#
..# ##...........$.##
..## #..#######...###
#..###.## ##..#
##....## ##.# #..##(#
### #.###.## ## #..#


You could see urechis's ghost.

Vanquished Creatures
  3 ogres (D:4)
  3 scorpions
  4 worker ants (D:4)
  A gnoll shaman (D:4)
  A hound (D:4)
  Terence (D:3)
  2 orc wizards (D:4)
  5 gnolls
  6 adders
  An ooze (D:2)
  A worm (D:2)
  2 giant geckos
  4 orcs
  2 ball pythons
  14 bats
  9 giant cockroaches
  10 hobgoblins
  11 kobolds
  3 quokkas (D:4)
  9 giant newts
  10 goblins
  7 rats
  A bush (D:4)
  A plant (D:4)
111 creatures vanquished.

Notes
Turn   | Place    | Note
--------------------------------------------------------------
     0 | D:1      | urechis the Merfolk Gladiator began the quest for the Orb.
     0 | D:1      | Reached XP level 1. HP: 16/16 MP: 1/1
   177 | D:1      | Reached skill level 5 in Polearms
   183 | D:1      | Reached XP level 2. HP: 17/22 MP: 2/2
   506 | D:1      | Reached skill level 6 in Polearms
   506 | D:1      | Reached XP level 3. HP: 24/27 MP: 3/3
   752 | D:2      | Found an iron altar of Okawaru.
   843 | D:2      | Reached XP level 4. HP: 26/33 MP: 4/4
   849 | D:2      | Reached skill level 7 in Polearms
  1640 | D:3      | Noticed Terence
  1846 | D:3      | Reached skill level 8 in Polearms
  1852 | D:3      | Reached XP level 5. HP: 38/38 MP: 5/5
  1909 | D:3      | Killed Terence
  1920 | D:3      | Found an opulent altar of Gozag.
  2082 | D:3      | Reached skill level 9 in Polearms
  2411 | D:4      | Reached XP level 6. HP: 38/44 MP: 6/6
  2444 | D:4      | Reached skill level 10 in Polearms
  2740 | D:4      | Noticed an ogre
  2764 | D:4      | HP: 1/44 [hobgoblin (5)]
  2784 | D:4      | HP: 2/44 [something/puff of frost (6)]
  2792 | D:4      | Reached XP level 7. HP: 25/50 MP: 7/7
  2806 | D:4      | Killed an ogre
  2806 | D:4      | Reached skill level 11 in Polearms
  3068 | D:4      | Noticed an ogre
  3076 | D:4      | Killed an ogre
  3124 | D:4      | Found a radiant altar of Vehumet.
  3134 | D:4      | Noticed an ogre
  3152 | D:4      | Killed an ogre
  3152 | D:4      | Reached skill level 12 in Polearms
  4582 | D:5      | Entered Level 5 of the Dungeon
  4589 | D:5      | Noticed urechis's ghost (experienced MfGl)
  4597 | D:5      | Found a shattered altar of Ashenzari.
  4666 | D:5      | Mangled by urechis's ghost

Vault maps used:
D:1:      lemuel_arrival_rhombus, serial_park_tiny_pond
D:2:      lemuel_coloured_pillars_altar
D:3:      nicolae_overflow_hidden_temple, solitary_fountain, st_stairs_3,
          dk_noncrumbling_4, uniq_terence
D:4:      nicolae_overflow_crystal_walls, serial_forest,
          infiniplex_forest_clump_cross, infiniplex_forest_clump_medium,
          infiniplex_forest_split, infiniplex_forest_lined_corner,
          infiniplex_forest_end_1, infiniplex_forest_lined_3_way,
          infiniplex_forest_clump_long, infiniplex_forest_pool,
          infiniplex_forest_straight_3, st_stairs_8
D:5:      amethyst_overflow_temple_binary, first_bread, basic_altar

Action                   |  1- 3 |  4- 6 |  7- 9 || total
-------------------------+-------+-------+-------++-------
Melee: Trident           |   100 |   208 |   212 ||   520
Throw: Throwing net      |       |     1 |       ||     1
  Use: Potion            |       |     4 |     4 ||     8
 Stab: Sleeping          |     1 |     2 |       ||     3
       Distracted        |     1 |       |       ||     1
       Held in net/web   |       |     1 |       ||     1
  Eat: Chunk             |       |     6 |    11 ||    17
